 Dungeon Crawl Stone Soup version 0.29-a0-821-g66395355a5 (webtiles) character file.

Game seed: 1267671479017282439

2 xian the Magician (level 1, 0/13 HPs)
             Began as a Demonspawn Hedge Wizard on July 7, 2022.
             Slain by a goblin
             ... wielding a +0 dagger of speed
              (2 damage)
             ... on level 1 of the Dungeon.
             The game lasted 00:00:15 (33 turns).

xian the Magician (Demonspawn Hedge Wizard)           Turns: 33, Time: 00:00:16

Health: 0/13       AC:  2    Str: 10    XL:     1   Next: 33%
Magic:  1/4        EV: 12    Int: 15    God:
Gold:   0          SH:  0    Dex: 12    Spells: 5/6 levels left

rFire   . . .      SeeInvis .   a - +0 dagger
rCold   . . .      Faith    .   (no shield)
rNeg    . . .      Spirit   .   b - +0 robe
rPois   .          Reflect  .   c - +0 hat
rElec   .          Harm     .   (no cloak)
rCorr   .          Rampage  .   (no gloves)
Will    .....                   (no boots)
Stlth   ++........              (no amulet)
HPRegen 0.04/turn               (no ring)
MPRegen 0.09/turn               (no ring)

@: no status effects
A: no striking features
a: no special abilities


You were on level 1 of the Dungeon.
You visited 1 branch of the dungeon, and saw 1 of its levels.

Inventory:

Hand Weapons
 a - a +0 dagger (weapon)
Armour
 b - a +0 robe (worn)
 c - a +0 hat (worn)
Potions
 d - a potion of magic


   Skills:
 + Level 1.9 Dodging
 + Level 1.7 Stealth
 + Level 3.0 Spellcasting
 + Level 1.0 Conjurations
 + Level 1.0 Summonings
 + Level 0.8 Translocations


You had 5 spell levels left.
You knew the following spells:

 Your Spells              Type           Power      Damage    Failure   Level
a - Magic Dart            Conj           20%        1d4       13%         1

Your spell library contained the following spells:

 Spells                   Type           Power      Damage    Failure   Level
 Slow                     Hex            8%         N/A       21%         1
 Call Imp                 Summ           5%         N/A       21%         2
 Blink                    Tloc           8%         N/A       22%         2
 Conjure Flame            Conj/Fire      3%         6-21      43%         3
 Mephitic Cloud           Conj/Pois/Air  3%         N/A       45%         3


Dungeon Overview and Level Annotations

Branches:
Dungeon (1/15)

Altars:


Message History

You are very lightly contaminated with residual magic.
Nothing appears to happen.
An endoplasm comes into view.
The magic dart hits the goblin.
You kill the goblin!
The endoplasm quivers.
The magic dart hits the quokka.
The quokka is heavily wounded.
A goblin and a hobgoblin come into view.
The goblin is wielding a +0 dagger of speed.
The quokka barely misses you.
The hobgoblin moves out of view.
Your magical contamination has completely faded away.
The goblin shouts!
You hit the quokka.
The quokka is severely wounded.
The quokka completely misses you.
The hobgoblin shouts!
You hit the quokka.
You kill the quokka!
The endoplasm closely misses you.
A quokka comes into view.
The endoplasm closely misses you.
You see here a quokka corpse.
The endoplasm freezes you.
You are frozen.
The endoplasm attacks as you move away! The endoplasm barely misses you.
You hit the endoplasm but do no damage. The endoplasm misses you.
You hit the endoplasm.
The endoplasm is lightly wounded.
The goblin hits you with a +0 dagger of speed.
The endoplasm barely misses you.
You barely miss the endoplasm.
The goblin hits you with a +0 dagger of speed.
The endoplasm freezes you.
You are frozen.
* * * LOW HITPOINT WARNING * * *
The endoplasm attacks as you move away! The endoplasm barely misses you.
The goblin attacks as you move away!
The goblin hits you with a +0 dagger of speed.
You die...

...
#.)####..#
....
.......#
.... .....
..####..###
#...#†...#
###...#.r..#
#.^...J....#
#.....gg..##
#.....@....#
#...#####..#
##..## #.#
♣♣....♣ .#
♣.....♣ .#
♣....♣♣
♣♣....♣
♣♣.....♣
♣.....♣♣


You could see an endoplasm, a quokka, a hobgoblin and a goblin.

Vanquished Creatures
  A goblin (D:1)
  A quokka (D:1)
2 creatures vanquished.

Notes
Turn   | Place    | Note
-------+----------+-------------------------------------------
     0 | D:1      | xian the Demonspawn Hedge Wizard began the quest for the
                  | Orb.
     0 | D:1      | Reached XP level 1. HP: 13/13 MP: 4/4
    33 | D:1      | Slain by a goblin

Illustrated notes

Levels and vault maps discovered:
D:1:      roderic_dead_forest, layout_basic,
          hellmonk_ecumenical_altar_the_god_not_taken, minmay_close_crescents

Action                   || total
-------------------------++-------
Melee: Dagger            ||     5
 Cast: Magic Dart        ||     3
Dodge: Dodged            ||     8

Table legend: (Time is in decaauts)
 A = Elapsed time spent in this place.
 B = Non-inter-level travel time spent in this place.
 C = Inter-level travel time spent in this place.
 D = Time resting spent in this place.
 E = Time spent auto-exploring this place.
 F = Levels seen in this place.
 G = Mean time per level.
                   A        B        C        D        E       F      G
               +--------+--------+--------+--------+--------+-----+--------+
         Total |     33 |     33 |      0 |      0 |     14 |   1 |   33.0 |
       Dungeon |     33 |     33 |      0 |      0 |     14 |   1 |   33.0 |
               +--------+--------+--------+--------+--------+-----+--------+

Top non-repeatable levels by time:
     D:1: 33 daAuts
